 Dungeon Crawl Stone Soup version 0.31.0-11-ge490571c62 (webtiles) character file.

Game seed: 5107758055713090100

47 qw the Shooter (level 3, 0/20 HPs)
             Began as a Deep Elf Hunter on Feb 5, 2024.
             Slain by an adder (3 damage)
             ... on level 3 of the Dungeon.
             The game lasted 00:00:28 (1439 turns).

qw the Shooter (Deep Elf Hunter)                    Turns: 1439, Time: 00:00:29

Health: 0/20       AC:  3    Str: 10    XL:     3   Next: 48%
Magic:  5/5        EV:  9    Int: 13    God:
Gold:   41         SH:  0    Dex: 18    Spells: 2/2 levels left

rFire   . . .        a - +0 shortbow
rCold   . . .        (shield currently unavailable)
rNeg    . . .        c - +0 leather armour
rPois   .            (no helmet)
rElec   .            g - scarf {repulsion}
rCorr   .            (no gloves)
SInv    .            (no boots)
Will    .....        e - amulet of faith
Stlth   ++           (no ring)
HPRegen 0.23/turn    (no ring)
MPRegen 0.09/turn

%: repel missiles, faith
@: constricted
A: no striking features
a: no special abilities


You were on level 3 of the Dungeon.
You visited 1 branch of the dungeon, and saw 3 of its levels.

You collected 69 gold pieces.
You spent 28 gold pieces at shops.


   Skills:
 - Level 1.5 Fighting
 + Level 7.0 Ranged Weapons
 - Level 2.4 Dodging
 - Level 1.2 Stealth


You had 2 spell levels left.
You didn't know any spells.
Your spell library was empty.

Inventory:

Hand Weapons
 a - a +0 shortbow (weapon)
Armour
 b - a +0 ring mail
 c - a +0 leather armour (worn)
 g - a scarf of repulsion (worn)
 h - a +0 cloak
Jewellery
 e - an amulet of faith (around neck)
 i - a ring of wizardry
Potions
 d - a potion of curing
 f - a potion of enlightenment

Dungeon Overview and Level Annotations

Branches:
Dungeon (3/15)

Altars:

Shops:
D:1 (*?[


Message History

You kill the rat!
i - a ring of wizardry An adder comes into view.
The adder hisses angrily.
You shoot an arrow. The arrow hits the adder.
The adder is lightly wounded.
You shoot an arrow.
The arrow hits the adder but does no damage.
The adder is lightly wounded.
A ball python comes into view.
You shoot an arrow. The arrow closely misses the adder.
The ball python hisses angrily.
The adder bites you.
You shoot an arrow. The arrow completely misses the adder.
The adder bites you.
You are poisoned.
The adder poisons you! The adder bites you.
You shoot an arrow.
The arrow hits the adder but does no damage.
The adder is lightly wounded.
You feel sick. The adder bites you.
You shoot an arrow. The arrow closely misses the adder.
You feel sick.
An orc comes into view. It is wielding a +0 club.
You shoot an arrow. The arrow hits the adder.
The adder is severely wounded.
You feel sick. The adder barely misses you.
The ball python closely misses you. x2
The adder bites you but does no damage.
You shoot an arrow. The arrow hits the adder.
The adder is almost dead.
You feel sick. The ball python barely misses you. The ball python grabs you.
The ball python constricts you. The adder barely misses you.
You shoot an arrow.
The arrow closely misses the ball python.
You feel sick.
You are no longer poisoned.
The ball python bites you. The ball python constricts you. The adder bites you.
The ball python bites you but does no damage.
The ball python constricts you. The adder bites you.
You die...

.............
............# .......
......#..[.# .......
.........#.## .......
.........#..# .......
.........##.# .......
..........#.### ......#
....^.........###S....#
...#...#.#.##...@S#
#.####.....#####......#
.. #...#..# ##.#..?# ..
.......... .....#
.##..###.##. .#...# .
##.# .# .....# #. .. .#
..# ## ###


You could see an adder and a ball python.

Vanquished Creatures
  2 adders (D:2)
  2 endoplasms (D:2)
  4 giant cockroaches
  3 goblins (D:2)
  3 hobgoblins
  2 quokkas (D:1)
  A ball python (D:2)
  2 bats
  2 frilled lizards (D:1)
  2 kobolds
  6 rats
29 creatures vanquished.

Notes
Turn   | Place    | Note
-------+----------+-------------------------------------------
     0 | D:1      | qw the Deep Elf Hunter began the quest for the Orb.
     0 | D:1      | Reached XP level 1. HP: 12/12 MP: 3/3
     0 | D:1      | 0 ||| qw: Version: 0.3-a-160-g6735b56
     0 | D:1      | 0 ||| qw: Game counter: 6471
     0 | D:1      | 0 ||| qw: Melee chars always use a shield: true
     0 | D:1      | 0 ||| qw: God list: Okawaru
     0 | D:1      | 0 ||| qw: Allow faded altars: false
     0 | D:1      | 0 ||| qw: Do Orc after clearing Dungeon:15 true
     0 | D:1      | 0 ||| qw: Do second Lair branch before Depths: true
     0 | D:1      | 0 ||| qw: Lair rune preference: random
     0 | D:1      | 0 ||| qw: Goals: Normal
     0 | D:1      | 0 ||| PLANNING D:1-11
    70 | D:1      | Found Jechal's Armour Shop.
    73 | D:1      | 73 ||| SHOPLISTING +0 ring mail (56 gold, have 0).
    73 | D:1      | 73 ||| SHOPLISTING +0 scale mail (56 gold, have 0).
   175 | D:1      | Found Ysoe's Assorted Antiques.
   181 | D:1      | 181 ||| SHOPLISTING bubbling amethyst potion (22 gold, have
                  | 12).
   181 | D:1      | 181 ||| SHOPLISTING ring mail (100 gold, have 12).
   181 | D:1      | 181 ||| SHOPLISTING ruby potion (22 gold, have 12).
   181 | D:1      | 181 ||| SHOPLISTING scroll labelled PIPUNOHYAX (25 gold,
                  | have 12).
   181 | D:1      | 181 ||| SHOPLISTING viscous coppery potion (22 gold, have
                  | 12).
   274 | D:1      | Found Kinlew's Antique Weapon Shop.
   283 | D:1      | Reached skill level 6 in Ranged Weapons
   283 | D:1      | Reached XP level 2. HP: 16/16 MP: 4/4
   283 | D:1      | 283 ||| UPGRADING to scarf of repulsion.
   508 | D:1      | Found Qolet's Magic Scroll Boutique.
   519 | D:1      | 519 ||| BUYING scroll of identify (28 gold).
   519 | D:1      | Bought a scroll of identify for 28 gold pieces
   519 | D:1      | 519 ||| SHOPLISTING scroll of identify (28 gold, have 7).
   616 | D:1      | 616 ||| READING 3 scrolls of identify.
   616 | D:1      | 616 ||| IDENTIFYING sapphire potion
   617 | D:1      | 617 ||| READING 2 scrolls of identify.
   617 | D:1      | 617 ||| IDENTIFYING bubbling grey potion
   618 | D:1      | 618 ||| READING scroll of identify.
   618 | D:1      | 618 ||| IDENTIFYING scroll labelled BOXTEYGH LOTRE
   619 | D:1      | 619 ||| READING scroll labelled HUAW TISTRAHEI.
   620 | D:1      | 620 ||| DROPPING scroll of butterflies.
   621 | D:1      | 621 ||| DROPPING scroll of blinking.
   622 | D:1      | 622 ||| DROPPING potion of degeneration.
   643 | D:2      | 643 ||| STAIRDANCE
   663 | D:2      | 663 ||| STAIRDANCE
   741 | D:2      | HP: 4/16 [poisoned by an adder]
   811 | D:2      | Reached XP level 3. HP: 20/20 MP: 5/5
   883 | D:2      | 883 ||| UPGRADING to amulet of faith.
   888 | D:2      | 888 ||| READING scroll labelled WIATIUCURO.
  1218 | D:2      | Reached skill level 7 in Ranged Weapons
  1356 | D:2      | 1356 ||| READING scroll of identify.
  1356 | D:2      | 1356 ||| IDENTIFYING ruby potion
  1439 | D:3      | HP: 5/20 [constriction (1)]
  1439 | D:3      | Slain by an adder

Levels and vault maps discovered:
D:1:      spicycebolla_arrival_ecumenical, layout_basic, serial_shops,
          nicolae_shop_hallway_stairs, nicolae_shop_just_a_little_nook, shop,
          shop, nicolae_houndstooth_variations
D:2:      layout_basic
D:3:      layout_rooms, led_xom_imps

Skill      XL: |  1  2  3 |
---------------+----------+-----
Ranged Weapons | 6 7 |  7.0
Fighting       | |  1.5
Dodging        | |  2.4
Stealth        | |  1.2

Action                     || total
---------------------------++-------
   Fire: Shortbow          ||    76
    Use: Scroll            ||     6
 Armour: Leather armour    ||    19
  Dodge: Dodged            ||    17

Table legend:
 A = Non-vault XP
 B = Vault XP
 C = Vault XP percentage of total XP
 D = Non-vault monster count
 E = Vault monster count
 F = Vault count percentage of total count
                 A         B        C        D         E       F
            +---------+---------+-------+---------+---------+-------
      Total |      68 |       0 |   0.0 |      29 |       0 |   0.0
            +---------+---------+-------+---------+---------+-------
        D:1 |      15 |       0 |   0.0 |      10 |       0 |   0.0
        D:2 |      52 |       0 |   0.0 |      18 |       0 |   0.0
        D:3 |       1 |       0 |   0.0 |       1 |       0 |   0.0
            +---------+---------+-------+---------+---------+-------
